AoeStats
← njchavesortiz

Golden Pit

508245287Analyzed
1v1 RM · 10d ago on Sep 21, 2026· 22m 51s· 2 players
Game mode
Random Map
Map size
Tiny (2 player)
Population
200
Speed
Normal
Resources
Standard
Victory
Conquest
Starting age
Dark Age
Ending age
Imperial Age
RankedLock teamsTeams togetherTeam positionsShared explorationLock speedFull tech treeHidden civsTurbo modeCheats
Victory
Defeat
🇨🇴 Vietnamese · Colombia
1080
+15
🇫🇷 Italians · France
1053
-15
njchavesortiz
6:57 Loom
9:31 Feudal Age
10:20 Double-Bit Axe
20:14 Castle Age
19:09 Horse Collar
19:21 Stone Mining
21:23 Wheelbarrow
21:14 Elite Skirmisher
Comte de Chantilly
0:28 Loom
11:50 Feudal Age
13:59 Double-Bit Axe
20:46 Castle Age
18:58 Scale Mail Armor
18:41 Horse Collar
19:02 Gold Mining
21:46 Bow Saw
23:14 Wheelbarrow
Connection lost

Rejoining the realm…

Still unreachable

The connection could not be restored.

Session expired

The server has moved on; the page needs a fresh start.